[Event "Titled Tuesday Blitz August 02 Late 2022"]
[White "Ekdyshman, Mikhail"]
[Black "Bogaudinov, Rushan"]
[WhiteFideId "4149416"]
[BlackFideId "4129288"]
[WhiteElo "2146"]
[BlackElo "2010"]
[Result "1-0"]
[Round "10"]
[TimeControl "180+1"]
[Date "2022.08.02"]
[WhiteClock "0:02:06"]
[BlackClock "0:01:34"]

1. e4 a6 2. c4 e6 3. d4 d6 4. Nc3 Nf6 5. Nf3 Be7 6. Bd3 c5 7. d5 exd5 8. exd5 Bg4 9. h3 Bh5 10. O-O Nbd7 11. Bf4 O-O 12. Re1 Re8 13. a4 Bf8 14. Rxe8 Qxe8 15. g4 Bg6 16. Qd2 Qd8 17. Re1 Qa5 18. Ng5 Re8 19. Rxe8 Nxe8 20. Bxg6 hxg6 21. Qe3 Qd8 22. Nxf7 Kxf7 23. Qe6# 1-0


[Site "https://www.chess.com"]

[Event "Titled Tuesday Blitz August 02 Late 2022"]
[White "Ernst, Sipke"]
[Black "Vasquez Schroeder, Rodrigo"]
[WhiteFideId "1004689"]
[BlackFideId "3400042"]
[WhiteElo "2436"]
[BlackElo "2567"]
[Result "0-1"]
[Round "10"]
[TimeControl "180+1"]
[Date "2022.08.02"]
[WhiteClock "0:00:05"]
[BlackClock "0:01:00"]

1. d4 d5 2. c4 c6 3. cxd5 cxd5 4. Bf4 Nc6 5. e3 Nf6 6. Nc3 Bf5 7. Nf3 e6 8. Bb5 Nd7 9. O-O Rc8 10. Qa4 a6 11. Bxc6 Rxc6 12. Rfc1 Be7 13. Ne2 Qb6 14. Rxc6 bxc6 15. Qb3 Qxb3 16. axb3 Bd3 17. Nc3 f6 18. Ne1 Bb5 19. Nxb5 axb5 20. Ra8+ Bd8 21. Rc8 e5 22. dxe5 fxe5 23. Bg5 Nf6 24. Rxc6 Kd7 25. Rc5 Bb6 26. Rc1 Ne4 27. Bh4 Ra8 28. Nd3 Kd6 29. Kf1 Ra2 30. Bg3 Nxg3+ 31. hxg3 e4 32. Nb4 Rxb2 33. Rd1 Kc5 34. Nxd5 Rxb3 35. Nxb6 Kxb6 36. Rd4 Rb1+ 37. Ke2 Rb2+ 38. Kd1 Rb1+ 39. Kc2 Rf1 40. Rd2 Kc5 41. Kb2 Kc4 42. g4 g5 43. g3 h6 44. Rd4+ Kc5 45. Rxe4 Rxf2+ 46. Kc3 Rf3 47. Re6 Kd5 48. Rxh6 Rxe3+ 49. Kb4 Rxg3 50. Kxb5 Rxg4 51. Rg6 Rg3 52. Rg8 g4 53. Kb4 Kd4 54. Rg7 Rg2 55. Rd7+ Ke3 56. Kc3 Rg1 57. Re7+ Kf3 58. Kd2 g3 59. Rf7+ Kg2 0-1


[Site "https://www.chess.com"]

[Event "Titled Tuesday Blitz August 02 Late 2022"]
[White "Grischuk, Alexander"]
[Black "Shimanov, Aleksandr"]
[WhiteFideId "4126025"]
[BlackFideId "4198603"]
[WhiteElo "2762"]
[BlackElo "2605"]
[Result "1-0"]
[Round "10"]
[TimeControl "180+1"]
[Date "2022.08.02"]
[WhiteClock "0:00:04"]
[BlackClock "0:00:01"]

1. d4 Nf6 2. c4 g6 3. Nc3 Bg7 4. e4 d6 5. Nf3 O-O 6. h3 Na6 7. Be3 e5 8. d5 Nc5 9. Nd2 a5 10. g4 c6 11. Be2 a4 12. h4 Qa5 13. g5 Nfd7 14. a3 f5 15. f3 fxe4 16. fxe4 Rf4 17. Qc2 cxd5 18. Nxd5 Rxe4 19. O-O-O Rxe3 20. Nxe3 Nf8 21. Kb1 Nfe6 22. Bf3 Nd4 23. Bd5+ Kh8 24. Qc3 Qd8 25. h5 Qxg5 26. Rdg1 Bf5+ 27. Ka2 Qf6 28. Nxf5 gxf5 29. h6 Bxh6 30. Qh3 e4 31. Qxh6 Qxh6 32. Rxh6 e3 33. Nf3 Ndb3 34. Ng5 Kg7 35. Nf7+ Kf8 36. Nxd6 e2 37. Nxf5 1-0


[Site "https://www.chess.com"]

[Event "Titled Tuesday Blitz August 02 Late 2022"]
[White "Gschnitzer, Adrian"]
[Black "Pakleza, Zbigniew"]
[WhiteFideId "1270337"]
[BlackFideId "1119290"]
[WhiteElo "2294"]
[BlackElo "2467"]
[Result "0-1"]
[Round "10"]
[TimeControl "180+1"]
[Date "2022.08.02"]
[WhiteClock "0:00:03"]
[BlackClock "0:00:04"]

1. d4 d6 2. e4 Nf6 3. Nc3 c6 4. Nf3 Bg4 5. Be2 e6 6. h3 Bh5 7. Bf4 d5 8. exd5 cxd5 9. Bb5+ Nc6 10. g4 Bg6 11. Ne5 Qb6 12. a4 Bb4 13. Qe2 a6 14. Bxc6+ bxc6 15. h4 Qxd4 16. h5 Qxf4 17. hxg6 fxg6 18. Nxg6 Qxg4 19. Qxg4 Nxg4 20. Nxh8 Nf6 21. Ng6 hxg6 22. Rh8+ Bf8 23. O-O-O Kf7 24. a5 Rb8 25. Rdh1 g5 26. f3 Rb4 27. Rg1 Bd6 28. Kb1 Be5 29. Nd1 g4 30. fxg4 Rb5 31. g5 Ne4 32. g6+ Ke7 33. c3 Rxa5 34. Kc2 c5 35. Rf1 Bf6 36. Nf2 Ng3 37. Rg1 Nf5 38. Ng4 d4 39. Nxf6 Kxf6 40. Rf8+ Ke7 41. Rf7+ Kd6 42. Re1 dxc3 43. Kxc3 Ra4 44. b3 Rh4 45. Rd1+ Ke5 46. Re1+ Kd6 47. Ra7 Rg4 48. Rxa6+ Kd5 49. Rexe6 Rg3+ 50. Kb2 Rg2+ 51. Ka3 Rg3 52. Rab6 Rf3 53. Ka4 Rf1 54. Kb5 Nd4+ 55. Ka6 Ra1+ 56. Kb7 Nxe6 57. b4 c4 58. b5 Rb1 59. Ka7 c3 60. Rc6 Nc5 61. Rc7 c2 62. Rxg7 c1=Q 63. b6 Ra1+ 64. Kb8 Qa3 65. Ra7 Qb2 66. b7 Rxa7 67. Kc8 Qxb7+ 68. Kd8 Qd7# 0-1


[Site "https://www.chess.com"]

[Event "Titled Tuesday Blitz August 02 Late 2022"]
[White "Guz, Ari"]
[Black "Sarkar, Justin"]
[WhiteFideId "2825759"]
[BlackFideId "2010011"]
[WhiteElo "1913"]
[BlackElo "2006"]
[Result "1/2-1/2"]
[Round "10"]
[TimeControl "180+1"]
[Date "2022.08.02"]
[WhiteClock "0:00:08"]
[BlackClock "0:00:04"]

1. e4 e5 2. Nf3 Nc6 3. Bb5 a6 4. Ba4 Nf6 5. O-O Be7 6. Re1 b5 7. Bb3 d6 8. c3 O-O 9. d4 Bg4 10. d5 Na5 11. Bc2 Qc8 12. Nbd2 c6 13. dxc6 Qxc6 14. h3 Be6 15. Nf1 Nd7 16. Ne3 Nc4 17. Nd5 Bxd5 18. exd5 Qc7 19. g4 g6 20. Qe2 Ncb6 21. Bh6 Rfe8 22. Rad1 Qb7 23. h4 Bf8 24. Bxf8 Rxf8 25. g5 Rae8 26. Be4 Nc5 27. h5 Qe7 28. b4 Nxe4 29. Qxe4 f5 30. gxf6 Qxf6 31. Rd3 gxh5 32. Kf1 Nc4 33. Ke2 Kh8 34. Rg1 Qf5 35. Qxf5 Rxf5 36. Ng5 e4 37. Rdg3 e3 38. fxe3 h4 39. Rh3 Rg8 40. Nf3 Rxg1 41. Nxg1 Rxd5 42. Nf3 Rf5 43. Rxh4 d5 44. Nd4 Re5 45. Nc2 Kg7 46. Rg4+ Kf6 47. Rh4 h5 48. Kd3 Rg5 49. Nd4 Rg2 50. Ne2 Ne5+ 51. Kd4 Nf3+ 52. Kc5 Nxh4 53. Nf4 Rxa2 54. Nxh5+ Ke5 55. Nf4 Nf5 56. Nxd5 Nxe3 57. Nxe3 Ra3 58. Nd5 Rb3 59. c4 bxc4 60. Kxc4 Rb1 61. Nc3 Rc1 62. Kd3 Rh1 63. Na4 Rh3+ 64. Kc4 Kd6 65. Nc5 Kc6 66. Nxa6 Rh4+ 67. Kb3 Kb5 68. Nc7+ Kc6 69. Na6 Kb5 70. Nc7+ Kc6 71. Na6 1/2-1/2


[Site "https://www.chess.com"]

[Event "Titled Tuesday Blitz August 02 Late 2022"]
[White "Ibarra Jerez, Jose Carlos"]
[Black "Martinez Alcantara, Jose Eduardo"]
[WhiteFideId "2226332"]
[BlackFideId "3805662"]
[WhiteElo "2628"]
[BlackElo "2703"]
[Result "1/2-1/2"]
[Round "10"]
[TimeControl "180+1"]
[Date "2022.08.02"]
[WhiteClock "0:00:12"]
[BlackClock "0:00:24"]

1. c4 c5 2. Nf3 Nc6 3. Nc3 g6 4. e3 Bg7 5. d4 d6 6. d5 Ne5 7. Nxe5 Bxe5 8. Bd3 Nf6 9. e4 O-O 10. f4 Bd4 11. Nb5 Qa5+ 12. Bd2 Qb6 13. Nxd4 cxd4 14. h3 Qxb2 15. O-O Qa3 16. Rf3 Nd7 17. Bc1 Qa5 18. Bb2 e5 19. dxe6 fxe6 20. Bxd4 e5 21. fxe5 dxe5 22. Bf2 Rxf3 23. Qxf3 Nf8 24. Rb1 Qc7 25. Bg3 Be6 26. Rb5 Nd7 27. Qe3 a6 28. Rb1 Bf7 29. Be2 Re8 30. Kh2 b6 31. Rf1 Nc5 32. Rf6 Nd7 33. Rf2 Qd6 34. Qg5 Qe7 35. Qh6 Be6 36. Bh4 Qc5 37. Rf1 Rf8 38. Rxf8+ Qxf8 39. Qe3 Qc5 40. Qg5 Qf8 41. Bg3 Qf6 42. Qe3 a5 43. Bd1 h5 44. Ba4 h4 45. Be1 Nc5 46. Bb5 g5 47. Bd2 g4 48. hxg4 Bxg4 49. Qg5+ Qxg5 50. Bxg5 Nxe4 51. Bxh4 Nd6 52. Ba6 Be6 53. Bg3 Nxc4 54. Bxc4 Bxc4 55. Bxe5 b5 56. a3 Kf7 57. Bc7 b4 58. axb4 axb4 59. Be5 Ke6 60. Bb2 Kf5 61. g3 Ke4 62. Kh3 Kd3 63. Kh4 Be6 64. Bg7 Ke4 65. g4 b3 66. Bh8 Kf4 67. Bb2 Bxg4 68. Bc1+ Kf3 69. Bb2 Kf4 70. Bc1+ Kf5 71. Kg3 Bh5 72. Kf2 Ke4 73. Bb2 Kd3 74. Ke1 Be2 75. Ba3 Bf3 76. Bb2 Bd5 77. Ba3 Kc3 78. Ke2 Be4 79. Ke3 Bg6 80. Ke2 Kc2 81. Ke3 Bf7 82. Kd4 Be8 83. Ke5 Kb1 84. Kd4 Bf7 85. Kc3 Ka2 86. Bb2 Kb1 87. Ba3 Bg8 88. Bb2 Ka2 89. Bc1 Be6 90. Bb2 Bd5 91. Bc1 Kb1 92. Bb2 Be6 93. Ba3 Bf7 94. Bb2 Ka2 95. Bc1 Bg6 96. Bb2 Bc2 97. Bc1 Bd1 98. Bb2 Kb1 99. Ba3 Ka1 100. Bb2+ Ka2 101. Bc1 Kb1 102. Ba3 Bc2 103. Bb2 Ka2 104. Bc1 Be4 105. Kd4 Bc6 106. Kc5 Kb1 107. Kb4 Ka2 108. Kc3 Ba4 109. Bb2 Kb1 110. Ba3 Ka2 111. Bb2 Bc6 112. Bc1 Kb1 113. Bb2 Bd5 114. Ba3 Ka2 115. Bb2 Kb1 116. Ba3 Bg8 117. Bb2 Ka2 1/2-1/2


[Site "https://www.chess.com"]

[Event "Titled Tuesday Blitz August 02 Late 2022"]
[White "Jaferian, Koosha"]
[Black "Espinosa Veloz, Ermes"]
[WhiteFideId "12507440"]
[BlackFideId "3507424"]
[WhiteElo "2030"]
[BlackElo "2333"]
[Result "1-0"]
[Round "10"]
[TimeControl "180+1"]
[Date "2022.08.02"]
[WhiteClock "0:00:02"]
[BlackClock "0:00:01"]

1. e4 e5 2. Nf3 Nc6 3. d4 exd4 4. Nxd4 Nf6 5. Nc3 Bb4 6. Nxc6 bxc6 7. Bd3 d5 8. exd5 O-O 9. O-O cxd5 10. h3 c6 11. Qf3 Rb8 12. Bf4 Bd6 13. b3 Qc7 14. Bxd6 Qxd6 15. Rad1 Re8 16. Rfe1 Bd7 17. Ne2 c5 18. Ng3 g6 19. Ne2 Kg7 20. Nf4 Re5 21. Qg3 Rbe8 22. Rxe5 Qxe5 23. Qf3 Bc8 24. Bb5 Rd8 25. Nd3 Qc7 26. Qe3 a6 27. Ba4 Ne4 28. Re1 Bf5 29. f3 d4 30. Qc1 Nc3 31. Nb2 Qg3 32. Qd2 Bxh3 33. Bc6 Bxg2 34. Qf2 Qxf2+ 35. Kxf2 Bh3 36. Nd3 Bf5 37. Bb7 Bxd3 38. cxd3 Nxa2 39. Bxa6 Nb4 40. Bc4 Ra8 41. Re7 Ra2+ 42. Kg3 Rd2 43. Rxf7+ Kh6 44. Rc7 Nxd3 45. Bg8 Kg5 46. f4+ Kf6 47. Rf7+ Ke6 48. Rxh7+ Kd6 49. Rg7 Rb2 50. Rxg6+ Kc7 51. Rg7+ Kb6 52. f5 Ne5 53. f6 d3 54. f7 Nxf7 55. Rxf7 Kb5 56. Kf3 1-0


[Site "https://www.chess.com"]

[Event "Titled Tuesday Blitz August 02 Late 2022"]
[White "Kazancev, Valerij M"]
[Black "Chiu, Isaac"]
[WhiteFideId "4179609"]
[BlackFideId "30900654"]
[WhiteElo "2502"]
[BlackElo "2181"]
[Result "1-0"]
[Round "10"]
[TimeControl "180+1"]
[Date "2022.08.02"]
[WhiteClock "0:00:01"]
[BlackClock "0:00:02"]

1. c4 e6 2. Nf3 d5 3. g3 dxc4 4. Bg2 Nf6 5. O-O a6 6. a4 Nc6 7. Qc2 e5 8. Qxc4 Be6 9. Qc2 h6 10. d3 Be7 11. Nc3 O-O 12. b3 Qd7 13. Bb2 Rfd8 14. Rfc1 Rac8 15. Qd1 Bd6 16. Rab1 Qe7 17. Ba1 Ba3 18. Rc2 Bc5 19. e3 e4 20. Ne1 Bg4 21. Ne2 Nb4 22. Bxf6 gxf6 23. Bxe4 Nxc2 24. Qxc2 c6 25. d4 Bb4 26. Nf4 Bd6 27. Neg2 Be6 28. Bh7+ Kh8 29. Bf5 Bxf5 30. Qxf5 Bxf4 31. Nxf4 c5 32. Qh5 Qf8 33. d5 Qg7 34. h4 b5 35. axb5 axb5 36. Qf5 c4 37. bxc4 bxc4 38. Rc1 c3 39. Qd3 Qh7 40. Qd4 Qf5 41. Rxc3 Rxc3 42. Qxc3 h5 43. Qd4 Kg7 44. Kg2 Re8 45. Kf3 Kh6 46. e4 Qg4+ 47. Kg2 Kg7 48. d6 Rd8 49. e5 fxe5 50. Qxe5+ Kh7 51. Nxh5 Qg6 52. Nf6+ Kh6 53. g4 Qd3 54. g5+ Kg6 55. h5+ Kg7 56. d7 Qa6 57. Nd5+ Kf8 58. Qh8# 1-0


[Site "https://www.chess.com"]

[Event "Titled Tuesday Blitz August 02 Late 2022"]
[White "Leve, Nitai"]
[Black "Nazaretyan, Tigran"]
[WhiteFideId "2006898"]
[BlackFideId "24162345"]
[WhiteElo "2144"]
[BlackElo "2179"]
[Result "0-1"]
[Round "10"]
[TimeControl "180+1"]
[Date "2022.08.02"]
[WhiteClock "0:01:27"]
[BlackClock "0:01:01"]

1. e4 c5 2. Nf3 Nc6 3. d4 cxd4 4. Nxd4 Nf6 5. Nc3 d6 6. Be2 e5 7. Nxc6 bxc6 8. O-O Be7 9. Kh1 O-O 10. f4 Rb8 11. b3 exf4 12. Bxf4 Qa5 13. Rf3 Bg4 14. Rg3 Nh5 15. Rxg4 Nxf4 16. Rxf4 Qxc3 17. Rf3 Qe5 18. Bd3 Rbd8 19. Rf5 Qe6 20. Qf3 g6 21. Bc4 d5 22. exd5 Qxf5 0-1


[Site "https://www.chess.com"]

[Event "Titled Tuesday Blitz August 02 Late 2022"]
[White "Machidon, Cristi"]
[Black "De Gleria, Francesco"]
[WhiteFideId "13904590"]
[BlackFideId "4630394"]
[WhiteElo "2312"]
[BlackElo "2283"]
[Result "1-0"]
[Round "10"]
[TimeControl "180+1"]
[Date "2022.08.02"]
[WhiteClock "0:00:21"]
[BlackClock "0:00:32"]

1. d4 Nf6 2. c4 g6 3. Nf3 Bg7 4. g3 O-O 5. Bg2 d6 6. Nc3 Nc6 7. O-O a6 8. d5 Na5 9. Qd3 c5 10. e4 Rb8 11. a3 b5 12. cxb5 Nb3 13. Rb1 axb5 14. Be3 Ng4 15. Bf4 c4 16. Qc2 Nc5 17. h3 Ne5 18. Nxe5 dxe5 19. Be3 Qd6 20. Kh2 Bd7 21. Rbd1 b4 22. axb4 Rxb4 23. Rd2 Rfb8 24. Na2 Ba4 25. Qc3 Rb3 26. Qa5 Rxe3 27. fxe3 Nb3 28. Qxa4 Nxd2 29. Rf2 Rxb2 30. Qe8+ 1-0


[Site "https://www.chess.com"]

[Event "Titled Tuesday Blitz August 02 Late 2022"]
[White "Maltsevskaya, Aleksandra"]
[Black "Holt, Conrad"]
[WhiteFideId "24174041"]
[BlackFideId "2034387"]
[WhiteElo "2243"]
[BlackElo "2586"]
[Result "0-1"]
[Round "10"]
[TimeControl "180+1"]
[Date "2022.08.02"]
[WhiteClock "0:00:01"]
[BlackClock "0:00:11"]

1. Nf3 d5 2. g3 Bg4 3. Bg2 Nd7 4. d3 e6 5. Nbd2 Bd6 6. O-O Ne7 7. e4 O-O 8. Qe2 c5 9. h3 Bh5 10. a4 Nc6 11. c3 Re8 12. Re1 f6 13. Nf1 d4 14. Qc2 Rc8 15. g4 Bf7 16. Ng3 Qc7 17. Ne2 Nde5 18. Nxe5 fxe5 19. Rf1 dxc3 20. bxc3 c4 21. d4 exd4 22. cxd4 e5 23. Be3 exd4 24. Nxd4 Nxd4 25. Bxd4 Red8 26. Rad1 c3 27. Rfe1 Bh2+ 28. Kh1 Bf4 29. e5 Bg6 30. Be4 Bd2 31. Bxg6 hxg6 32. Re4 Qc6 33. Kg1 Qxe4 34. Qxe4 c2 35. Rf1 c1=Q 36. Rxc1 Rxc1+ 37. Kg2 Rc4 38. Qxg6 Rcxd4 39. e6 Bb4 40. Qf7+ Kh7 41. Qh5+ Kg8 42. Qf7+ Kh7 43. e7 Bxe7 44. Qxe7 R8d7 45. Qe8 R4d5 46. h4 g6 47. Kg3 a5 48. Qe6 Rd3+ 49. f3 R3d6 50. Qe5 Rd5 51. Qe8 Kg7 52. Qc8 Rf7 53. Qc3+ Kh7 54. Qb3 Rdd7 55. Qb1 Kg7 56. h5 gxh5 57. gxh5 Rf6 58. Qb5 Rdf7 59. Qg5+ Kh7 60. Kh4 Rf4+ 61. Kg3 Rxf3+ 62. Kg2 Rf2+ 63. Kg3 R2f3+ 64. Kg2 R3f6 65. Qxa5 Rf5 66. Qc3 Rg7+ 0-1


[Site "https://www.chess.com"]

[Event "Titled Tuesday Blitz August 02 Late 2022"]
[White "Manukian, Artak"]
[Black "Perera Alfonso, Rene Humberto"]
[WhiteFideId "13301373"]
[BlackFideId "3514722"]
[WhiteElo "2455"]
[BlackElo "2313"]
[Result "0-1"]
[Round "10"]
[TimeControl "180+1"]
[Date "2022.08.02"]
[WhiteClock "0:00:38"]
[BlackClock "0:01:12"]

1. e4 c5 2. Nf3 d6 3. d4 cxd4 4. Qxd4 Nc6 5. Bb5 Qd7 6. c4 Nf6 7. Nc3 g6 8. Bg5 Bg7 9. Qd2 O-O 10. Bh6 a6 11. Bxg7 Kxg7 12. Ba4 Qg4 13. O-O Nxe4 14. Nxe4 Qxe4 15. Rfe1 Qxc4 16. Bxc6 bxc6 17. Rxe7 Bg4 18. Rc1 Qd5 19. Qxd5 cxd5 20. Nd4 Rac8 21. Rcc7 Rxc7 22. Rxc7 Kf6 23. f3 Be6 24. Rc6 Ke5 25. Nb3 d4 26. Rxa6 Bxb3 27. axb3 Rb8 28. Ra3 d3 29. Kf2 Kd4 30. Ra4+ Kd5 31. Ra3 Re8 32. b4 Kd4 33. b5 Re2+ 34. Kf1 Rxb2 35. Ra7 Rb1+ 0-1


[Site "https://www.chess.com"]

[Event "Titled Tuesday Blitz August 02 Late 2022"]
[White "Naroditsky, Daniel"]
[Black "Fedoseev, Vladimir"]
[WhiteFideId "2026961"]
[BlackFideId "24130737"]
[WhiteElo "2608"]
[BlackElo "2726"]
[Result "1-0"]
[Round "10"]
[TimeControl "180+1"]
[Date "2022.08.02"]
[WhiteClock "0:00:03"]
[BlackClock "0:00:02"]

1. e4 c6 2. d3 d5 3. Nd2 e5 4. Ngf3 Bd6 5. g3 Nf6 6. Bg2 O-O 7. O-O Re8 8. b3 a5 9. a3 b5 10. Bb2 Bb7 11. Re1 Nbd7 12. d4 exd4 13. Nxd4 Be5 14. exd5 c5 15. Nc6 Bxc6 16. dxc6 Bxb2 17. Rxe8+ Qxe8 18. cxd7 Qxd7 19. Ne4 Rd8 20. Qxd7 Rxd7 21. Nxf6+ gxf6 22. Rb1 Bxa3 23. Bc6 Rd2 24. Bxb5 Rxc2 25. Rd1 Bb2 26. Rd7 Bd4 27. Bc4 Rxf2 28. Kh1 Rc2 29. Ra7 Ra2 30. Rxf7 Kh8 31. Ra7 h5 32. Bd3 Kg8 33. Bc4+ Kf8 34. Rf7+ Ke8 35. Rh7 a4 36. Bb5+ Kf8 37. bxa4 Ra1+ 38. Kg2 Ra2+ 39. Kf3 Rxh2 40. a5 f5 41. Kf4 Rf2+ 42. Kg5 Rf3 43. a6 Rxg3+ 44. Kxf5 c4 45. Bxc4 Ra3 46. Rd7 Bf2 47. Rf7+ Ke8 48. Ke6 Bg1 49. Rg7 Re3+ 50. Kd5 Re1 51. a7 Bxa7 52. Rxa7 h4 53. Rh7 Kd8 54. Kd6 h3 55. Be6 Rd1+ 56. Bd5 Re1 57. Rxh3 Re7 58. Rh8+ Re8 59. Rh7 Re1 60. Rd7+ Ke8 61. Rg7 Kd8 62. Ra7 Rc1 63. Rd7+ Ke8 64. Rb7 Kf8 65. Rh7 Re1 66. Be6 Rf1 67. Ke5 Ke8 68. Bf5 Kd8 69. Rd7+ Ke8 70. Ra7 Re1+ 71. Kf6 Kd8 72. Rd7+ Ke8 73. Rc7 Rd1 74. Rc8+ Rd8 75. Rc6 Rd1 76. Rb6 Kd8 77. Rc6 Ke8 78. Rc3 Rd6+ 79. Be6 Rd1 80. Rc8+ Rd8 81. Rc7 Rd3 82. Rh7 Kd8 83. Ke5 Re3+ 84. Kd6 Rd3+ 85. Bd5 Re3 86. Ra7 Rc3 87. Rd7+ Ke8 88. Rg7 1-0


[Site "https://www.chess.com"]

[Event "Titled Tuesday Blitz August 02 Late 2022"]
[White "Nazari, Arad"]
[Black "Salem, A.R. Saleh"]
[WhiteFideId "12577324"]
[BlackFideId "9301348"]
[WhiteElo "2129"]
[BlackElo "2679"]
[Result "1/2-1/2"]
[Round "10"]
[TimeControl "180+1"]
[Date "2022.08.02"]
[WhiteClock "0:00:08"]
[BlackClock "0:00:06"]

1. d4 d5 2. c4 e6 3. Nc3 Nf6 4. cxd5 exd5 5. Bg5 c6 6. e3 h6 7. Bh4 Be7 8. Bd3 O-O 9. Nge2 Re8 10. f3 b5 11. O-O Nbd7 12. Rc1 a5 13. Kh1 Nb6 14. Bf2 a4 15. e4 b4 16. Nb1 dxe4 17. fxe4 Bb7 18. Bg1 Bf8 19. Ng3 Nbd7 20. e5 Nxe5 21. dxe5 Rxe5 22. Bc4 c5 23. Qxd8 Rxd8 24. Rcd1 Rxd1 25. Rxd1 h5 26. h3 Rg5 27. Rd8 Rxg3 28. Bxc5 Nd7 29. Rxd7 Rxh3+ 30. Kg1 Bxc5+ 31. Kf1 Rh1+ 32. Ke2 Bxg2 33. Nd2 Kh7 34. Bxf7 Rh2 35. Nf3 Bxf3+ 36. Kxf3 Rf2+ 37. Kg3 g6 38. Be8+ Kh6 39. Rd5 Be3 40. Rd3 Ba7 41. Rd7 Rxb2 42. Rxa7 a3 43. Bf7 Rc2 44. Ra6 Rc3+ 45. Kf4 Kg7 46. Bxg6 h4 47. Bf5 h3 48. Ra7+ Kf6 49. Ra6+ Ke7 50. Rh6 b3 51. axb3 a2 52. Ra6 h2 53. Be4 Rc1 54. Rxa2 Rf1+ 55. Ke5 h1=Q 56. Bxh1 Rxh1 57. Rd2 Rb1 58. Rd3 Rb2 59. Kd4 Rb1 60. Kc5 Ra1 61. Kb6 Ra8 62. Kb7 Ra5 63. Kb6 Ra3 64. Rc3 Kd7 65. Rd3+ Kc8 66. Rh3 Kd7 67. Rc3 Kd6 68. Rd3+ Ke7 69. Kc5 Ke6 70. Re3+ Kd7 71. Rh3 Kc7 72. Rh7+ Kb8 73. b4 Rf3 74. Kc6 Rf6+ 75. Kb5 Rg6 76. Ka5 Ka8 77. b5 Kb8 78. b6 Rg8 79. Ka6 Ka8 80. Ra7+ Kb8 81. Rb7+ Ka8 82. Ra7+ Kb8 83. Rb7+ Ka8 84. Ra7+ 1/2-1/2


[Site "https://www.chess.com"]

[Event "Titled Tuesday Blitz August 02 Late 2022"]
[White "Perez Leiva, Jerzy Jesus"]
[Black "Maksimovic, Bojan"]
[WhiteFideId "3524337"]
[BlackFideId "14408120"]
[WhiteElo "2287"]
[BlackElo "2453"]
[Result "0-1"]
[Round "10"]
[TimeControl "180+1"]
[Date "2022.08.02"]
[WhiteClock "0:00:11"]
[BlackClock "0:00:24"]

1. e4 e5 2. Nf3 Nc6 3. Bc4 Nf6 4. d3 Be7 5. O-O O-O 6. Re1 d6 7. a4 Na5 8. Ba2 c5 9. Nbd2 h6 10. Nf1 Be6 11. Ne3 Nc6 12. c3 Bxa2 13. Rxa2 d5 14. exd5 Nxd5 15. Nc4 f6 16. a5 Qd7 17. Qb3 Kh8 18. Nh4 Rfe8 19. Bd2 Bf8 20. Raa1 Rad8 21. Qc2 Nde7 22. Re3 Nf5 23. Nxf5 Qxf5 24. Rf3 Qe6 25. Re1 Rd7 26. h3 Red8 27. Ree3 Ne7 28. Re4 Qc6 29. Rh4 Ng8 30. Rg3 b5 31. axb6 axb6 32. Qc1 Rxd3 33. Rxd3 Rxd3 34. Be3 b5 35. Nd2 Qd7 36. Kh2 f5 37. Nf3 e4 38. Ne5 Bd6 39. Bf4 Bxe5 40. Bxe5 Kh7 41. Qf4 Qe6 42. g4 Ne7 43. gxf5 Qxf5 44. Qxf5+ Nxf5 45. Rxe4 Rd2 46. Rf4 Kg6 47. Rg4+ Kf7 48. Rf4 Ke6 49. Bc7 Rxb2 50. Re4+ Kd7 51. Bg3 Nxg3 52. Kxg3 Rb3 53. Re3 b4 54. Kf3 Rxc3 55. Rxc3 bxc3 56. Ke3 Kd6 57. Kd3 Kd5 58. Kxc3 g5 59. Kd3 c4+ 60. Kc3 Kc5 61. f3 Kd5 62. Kc2 Kd4 63. Kd2 c3+ 64. Ke2 Ke5 65. Kd3 Kf4 66. Kxc3 Kxf3 67. Kd3 Kg3 68. h4 gxh4 69. Ke2 Kg2 70. Ke1 h3 71. Ke2 h2 0-1


[Site "https://www.chess.com"]

[Event "Titled Tuesday Blitz August 02 Late 2022"]
[White "Przybylski, Wojciech"]
[Black "Kosteniuk, Alexandra"]
[WhiteFideId "1117599"]
[BlackFideId "4128125"]
[WhiteElo "2133"]
[BlackElo "2469"]
[Result "1/2-1/2"]
[Round "10"]
[TimeControl "180+1"]
[Date "2022.08.02"]
[WhiteClock "0:00:04"]
[BlackClock "0:00:15"]

1. e4 c6 2. d4 d5 3. e5 c5 4. Nf3 Nc6 5. c4 Bg4 6. cxd5 Bxf3 7. gxf3 Qxd5 8. dxc5 Qxd1+ 9. Kxd1 O-O-O+ 10. Nd2 Nxe5 11. Kc2 Nf6 12. Bb5 Nd5 13. a3 g6 14. Re1 f6 15. b4 Bh6 16. Be2 Nc6 17. Nb3 Bxc1 18. Raxc1 e5 19. b5 Nce7 20. Bc4 Nf4 21. Nd2 Nf5 22. Nb3 Nh4 23. Re3 Kc7 24. a4 Nhg2 25. Rc3 Nd5 26. Bxd5 Rxd5 27. c6 b6 28. Rd1 Rhd8 29. Rxd5 Rxd5 30. Nd2 Nf4 31. Ne4 f5 32. Ng5 h6 33. Nf7 Ne6 34. Re3 Nd4+ 35. Kb2 a6 36. Rxe5 Rxe5 37. Nxe5 axb5 38. axb5 Nxb5 39. Kb3 Nd4+ 40. Kc4 Nxc6 41. Nxg6 Kd6 42. f4 Na7 43. Nh4 Ke6 44. Nf3 b5+ 45. Kc5 b4 46. Nd4+ Kf6 47. Kxb4 Nc8 48. Kc5 Ne7 49. Kd6 Ng6 50. Ne2 Nh4 51. Kd5 Nf3 52. Ng3 Nxh2 53. Kd4 Ng4 54. f3 Nf2 55. Ke3 Nd1+ 56. Kd2 Nf2 57. Ke3 Nh3 58. Ke2 Nxf4+ 59. Ke3 Ng6 60. f4 Ne7 61. Nh5+ Kg6 62. Ng3 h5 63. Kf3 h4 64. Ne2 Ng8 65. Nc3 Nf6 66. Nb5 Ng4 67. Nc7 h3 68. Kg3 h2 69. Kg2 Kf6 70. Nd5+ Ke6 71. Nb4 Kd6 72. Nd3 Kd5 73. Ne1 Ke4 74. Nf3 Kxf4 75. Nh4 Kg5 76. Nxf5 Kxf5 77. Kh1 Kf4 78. Kg2 Ke3 79. Kh1 Ke4 80. Kg2 Kf4 81. Kh1 Kg5 82. Kg2 Kh4 83. Kh1 Kh3 1/2-1/2


[Site "https://www.chess.com"]

[Event "Titled Tuesday Blitz August 02 Late 2022"]
[White "Riehle, Marco"]
[Black "Zou, Chen"]
[WhiteFideId "12904392"]
[BlackFideId "8610959"]
[WhiteElo "2462"]
[BlackElo "2276"]
[Result "1-0"]
[Round "10"]
[TimeControl "180+1"]
[Date "2022.08.02"]
[WhiteClock "0:00:28"]
[BlackClock "0:00:01"]

1. e4 e5 2. Nf3 Nc6 3. Bc4 Bc5 4. c3 Nf6 5. d4 exd4 6. cxd4 Bb4+ 7. Kf1 d5 8. exd5 Nxd5 9. Nc3 Bxc3 10. bxc3 O-O 11. Ng5 h6 12. h4 Nce7 13. Ba3 c6 14. Qf3 b5 15. Bd3 a5 16. Bxe7 Qxe7 17. Re1 Qf6 18. Qg3 Qf4 19. Bh7+ Kh8 20. Qd3 Nf6 21. g3 Qg4 22. Kg2 Ra7 23. Re5 c5 24. Rhe1 Bb7+ 25. f3 Raa8 26. Bf5 Qh5 27. Re7 cxd4 28. Rxb7 hxg5 29. hxg5 Qxg5 30. Rh1+ Kg8 31. Bh7+ Kh8 32. Be4+ Kg8 33. Bh7+ Kh8 34. Re7 Rae8 35. Be4+ Kg8 36. Bh7+ Kh8 37. Rc7 dxc3 38. Be4+ Kg8 39. Bh7+ Kh8 40. Rxc3 b4 41. Be4+ Kg8 42. Bh7+ Kh8 43. Rc7 a4 44. Rc4 b3 45. Rch4 b2 46. Be4+ Kg8 47. Rh8# 1-0


[Site "https://www.chess.com"]

[Event "Titled Tuesday Blitz August 02 Late 2022"]
[White "Rosen, Eric"]
[Black "Izoria, Zviad"]
[WhiteFideId "2032562"]
[BlackFideId "13601733"]
[WhiteElo "2362"]
[BlackElo "2626"]
[Result "1/2-1/2"]
[Round "10"]
[TimeControl "180+1"]
[Date "2022.08.02"]
[WhiteClock "0:00:02"]
[BlackClock "0:00:03"]

1. d4 Nf6 2. Bf4 c5 3. e3 Qb6 4. Na3 d6 5. Nc4 Qc7 6. Nf3 Nbd7 7. Be2 g6 8. O-O Bg7 9. a4 b6 10. h3 O-O 11. c3 Bb7 12. Nfd2 a6 13. Bf3 Bxf3 14. Qxf3 Rfc8 15. Rfe1 Rab8 16. d5 Ra8 17. e4 b5 18. Ne3 c4 19. Nc2 Nc5 20. e5 dxe5 21. Bxe5 Qb7 22. Nb4 Nxa4 23. b3 cxb3 24. Nxb3 Qd7 25. Rad1 Nb2 26. Rd4 Nc4 27. Nc6 Nxd5 28. Rxd5 Qxc6 29. Rd8+ Rxd8 30. Qxc6 Bxe5 31. Nd4 Bf6 32. h4 h5 33. Ra1 Rac8 34. Qb7 b4 35. Qxb4 a5 36. Qb5 Nd6 37. Qe2 Rxc3 38. Nb5 Rb3 39. Rxa5 Rxb5 40. Rxb5 Nxb5 41. Qxb5 Bxh4 42. Qa5 Rd1+ 43. Kh2 Bxf2 44. Qa8+ Kg7 45. Qa2 Bg1+ 46. Kh3 Rd6 47. g3 Bd4 48. Qb3 Bf6 49. Qb8 Rd4 50. Qc8 Rg4 51. Qb8 e6 52. Qc8 Be5 53. Kh2 Rxg3 54. Kh1 Re3 55. Qc5 Re4 56. Qc6 Rd4 57. Qc5 Bf6 58. Qb6 g5 59. Qa7 h4 60. Qa3 e5 61. Qf3 Rf4 62. Qd5 g4 63. Kg2 Rf3 64. Qc4 h3+ 65. Kh2 Rf4 66. Qe2 Bh4 67. Qxe5+ Rf6 68. Qh5 Rf2+ 69. Kg1 Rg2+ 70. Kh1 Bf6 71. Qh7+ Kxh7 1/2-1/2


[Site "https://www.chess.com"]